 Dungeon Crawl Stone Soup version 0.24.0-1-gfbc8707 (webtiles) character file.

Game seed: 3410790278069548610, levelgen mode: deterministic

2192 Faca the Carver (level 9, -15/86 HPs)
             Began as a Minotaur Berserker on Oct 31, 2019.
             Was a High Priest of Trog.
             Engulfed by Harold's flame (20 damage)
             ... on level 7 of the Dungeon on Nov 1, 2019.
             The game lasted 00:12:09 (6425 turns).

Faca the Carver (Minotaur Berserker)                Turns: 6425, Time: 00:12:10

Health: -15/86     AC: 13    Str: 24    XL:     9   Next: 12%
Magic:  2/2        EV:  9    Int:  4    God:    Trog [*****.]
Gold:   387        SH:  0    Dex: 11    Spells: 8/8 levels left

rFire    . . .     SeeInvis +   F - +2 great sword (antimagic)
rCold    . . .     Gourm    .   (shield currently unavailable)
rNeg     . . .     Faith    .   n - +0 chain mail
rPois    .         Spirit   .   (helmet restricted)
rElec    .         Reflect  .   (no cloak)
rCorr    .         Harm     .   w - +1 pair of gloves
MR       .....                  (no boots)
Stlth    ..........             (no amulet)
HPRegen  0.24/turn              o - ring of see invisible
MPRegen  0.08/turn              p - +3 ring of protection

@: marked
A: retaliatory headbutt, horns 2
a: Berserk, Trog's Hand, Brothers in Arms, Renounce Religion


You were on level 7 of the Dungeon.
You worshipped Trog.
Trog was extremely pleased with you.
You were not hungry.

You visited 1 branch of the dungeon, and saw 7 of its levels.
You also visited: Sewer and Ossuary.

You collected 387 gold pieces.

Inventory:

Hand Weapons
 a - a +0 falchion
 q - a +0 rapier
 F - a +2 antimagic great sword (weapon)
Armour
 n - a +0 chain mail (worn)
 w - a +1 pair of gloves (worn)
Jewellery
 o - a ring of see invisible (left hand)
 p - a +3 ring of protection (right hand)
 u - an uncursed ring of ice
Wands
 H - a wand of paralysis (5)
 I - a wand of polymorph (4)
Scrolls
 b - 8 scrolls of remove curse {unknown}
 e - 2 scrolls of fog {unknown}
 h - 3 scrolls of identify {unknown}
 i - 3 scrolls of magic mapping {unknown}
 j - 4 scrolls of teleportation {unknown}
 k - 2 scrolls of amnesia {unknown}
 v - 2 scrolls of blinking {unknown}
 x - a scroll of immolation {unknown}
 y - 2 scrolls of enchant armour {unknown}
 C - a scroll of holy word {unknown}
 D - 2 scrolls of enchant weapon {unknown}
 G - a scroll of fear {unknown}
Potions
 d - 6 potions of heal wounds {unknown}
 f - a potion of berserk rage {unknown}
 g - a potion of experience {unknown}
 l - 2 potions of invisibility {unknown}
 m - a potion of mutation {unknown}
 r - 3 potions of haste
 s - a potion of brilliance {unknown}
 t - 6 potions of curing {unknown}
 z - a potion of lignification {unknown}
 A - a potion of might {unknown}
 B - 2 potions of degeneration {unknown}
 E - a potion of agility {unknown}
Comestibles
 c - 4 rations


   Skills:
 + Level 10.7 Fighting
 + Level 10.8 Long Blades
 - Level 2.4 Armour
 - Level 2.1 Dodging


You had 8 spell levels left.
You didn't know any spells.
Your spell library was empty.

Dungeon Overview and Level Annotations

Branches:
Dungeon (7/15)             Temple (0/1) D:5           Sewer (visited)
Ossuary (visited)

Altars:
Ashenzari
Hepliaklqana
Okawaru
Wu Jian
Yredelemnul
Zin
The Shining One

Shops:
D:5 *

Annotations:
D:7 Harold


Innate Abilities, Weirdness & Mutations

You reflexively headbutt those who attack you in melee.
You have a pair of horns on your head.


Message History

You struggle against the net.
You are engulfed in blazing flames.
Harold is engulfed in blazing flames.
Harold casts a spell at you.
The harpoon shot hits you but does no damage.
Harold is engulfed in blazing flames.
You struggle against the net.
You are engulfed in blazing flames.
Harold is engulfed in blazing flames.
Harold hits you but does no damage.
You struggle against the net.
You are engulfed in blazing flames.
* * * LOW HITPOINT WARNING * * *
Harold is engulfed in blazing flames.
Harold points at you and mumbles some strange words.
A sentinel's mark forms upon you.
Harold is engulfed in blazing flames.
Harold hits you but does no damage.
You rip the net and break free!
You are engulfed in blazing flames.
* * * LOW HITPOINT WARNING * * *
An ice beast comes into view.
Harold is engulfed in blazing flames.
Harold barely misses you. You furiously retaliate!
You headbutt Harold.
You are engulfed in blazing flames.
You die...

#.....<.#
#.......#
#.......##
###........#
Y..........# #
#.(..O....#
#...§§§§○.# #####
#..§@§§§.#
#...#######
#...§@§§.#
#...#.....#
#####§##.#
#...#.###.#
#####.##.# #...#.#
#.. #........#
#...#.# ###
#.....######...#.#
#..........'.....#
#......#####...###
#......# #...#
######.# #####


You could see Harold, an ice beast and an ogre.

Vanquished Creatures
  A hungry ghost (D:7)
  Menkaure (Ossuary)
  An ice beast (D:3)
  6 ogres
  A centaur (D:6)
  A crocodile (Sewer)
  2 bullfrogs (D:6)
  A scorpion (D:5)
  3 crimson imps
  3 centaur zombies
  2 hounds
  A jelly (D:6)
  2 orc priests
  An orc wizard (D:6)
  Terence (D:2)
  2 iguanas (D:5)
  4 worker ants
  4 ogre zombies (Ossuary)
  2 hound zombies (D:6)
  A hound skeleton (D:4)
  Robin (D:2)
  6 mummies (Ossuary)
  A howler monkey zombie (D:6)
  8 adders
  3 adder zombies
  6 worms
  A dart slug (D:3)
  3 leopard geckos
  23 orcs
  3 ball pythons
  7 giant cockroaches
  15 goblins
  10 hobgoblins
  10 jackals
  3 quokkas
  10 bats
  2 frilled lizards
  A gnoll zombie (Ossuary)
  5 goblin zombies (Ossuary)
  5 hobgoblin zombies (Ossuary)
  A jackal skeleton (D:6)
  10 kobolds
  A kobold zombie (Ossuary)
  A leopard gecko skeleton (D:3)
  A quokka skeleton (D:4)
  8 quokka zombies
  6 rats
  4 rat zombies (Ossuary)
  A spectral orc (D:3)
196 creatures vanquished.

Notes
Turn   | Place    | Note
-------+----------+-------------------------------------------
     0 | D:1      | Faca the Minotaur Berserker began the quest for the Orb.
     0 | D:1      | Reached XP level 1. HP: 19/19 MP: 0/0
    78 | D:1      | Reached XP level 2. HP: 22/27 MP: 1/1
   602 | D:1      | Reached XP level 3. HP: 34/34 MP: 2/2
   845 | D:2      | Reached ** piety under Trog
   920 | D:2      | Noticed Terence
   932 | D:2      | Killed Terence
   932 | D:2      | Reached skill level 5 in Long Blades
   932 | D:2      | Reached XP level 4. HP: 25/41 MP: 3/3
  1320 | D:2      | Reached skill level 5 in Fighting
  1356 | D:2      | Noticed Robin
  1371 | D:2      | Killed Robin
  1708 | D:3      | Reached XP level 5. HP: 45/48 MP: 4/4
  1727 | D:3      | Reached *** piety under Trog
  2029 | D:3      | Noticed an ice beast
  2037 | D:3      | Killed an ice beast
  2126 | D:3      | Found a basalt altar of Yredelemnul.
  2176 | D:3      | Reached XP level 6. HP: 57/57 MP: 5/5
  2825 | D:4      | Reached **** piety under Trog
  3007 | D:5      | Entered Level 5 of the Dungeon
  3135 | D:5      | Found a sand-covered staircase.
  3141 | Ossuary  | Entered an ossuary
  3172 | Ossuary  | Reached XP level 7. HP: 43/66 MP: 6/6
  3661 | Ossuary  | Reached ***** piety under Trog
  3696 | Ossuary  | Noticed Menkaure
  3706 | Ossuary  | Killed Menkaure
  4262 | D:5      | Found a hazy altar of Hepliaklqana.
  4279 | D:5      | Found a glowing silver altar of Zin.
  4292 | D:5      | Found Zin's Purification Station.
  4303 | D:5      | Reached XP level 8. HP: 36/75 MP: 7/7
  4548 | D:5      | Found a staircase to the Ecumenical Temple.
  5047 | D:6      | Found a glowing drain.
  5163 | Sewer    | Entered a sewer
  5478 | D:6      | Found an iron altar of Okawaru.
  5478 | D:6      | Found a glowing golden altar of the Shining One.
  5501 | D:6      | Reached skill level 10 in Long Blades
  5504 | D:6      | Reached skill level 10 in Fighting
  5795 | D:6      | Received a gift from Trog
  5953 | D:6      | Reached XP level 9. HP: 82/86 MP: 2/8
  6032 | D:6      | Found a shattered altar of Ashenzari.
  6065 | D:6      | Found an ornate altar of the Wu Jian Council.
  6414 | D:7      | Noticed Harold
  6425 | D:7      | Engulfed by Harold's flame

Levels and vault maps discovered:
D:1:      dpeg_arrival_rooms_b, layout_rooms, serial_forest,
          infiniplex_forest_straight_2, infiniplex_forest_straight_4,
          infiniplex_forest_straight_2, infiniplex_forest_side_room,
          infiniplex_forest_clump_large, infiniplex_forest_lined_2,
          infiniplex_forest_straight_2, infiniplex_forest_end_3,
          grunt_decor_arrowhead
D:2:      layout_basic, uniq_terence, uniq_robin
D:3:      layout_basic, yredelemnul_forgotten_temple_becter
D:4:      layout_loops_ring, first_ration
D:5:      layout_loops_ring, zin_purify, nicolae_overflow_crystal_walls,
          minmay_temple_entry_antechambers, enter_ossuary_5
D:6:      layout_gridville, lemuel_doored_altar, evilmike_ruin_ashenzari,
          chequers_temple_overflow_statue_of_worship,
          cheibrodos_sewer_entry_sluice, due_unseen_surprise
D:7:      layout_basic, trog_eyes_of_draining, nicolae_ru_sacrificial_ziggurat,
          serial_shops, shop_fountains, uniq_harold, uniq_prince_ribbit1,
          uniq_joseph

Skill      XL: |  1  2  3  4  5  6  7  8 |
---------------+-------------------------+-----
Fighting       | 4 5 6 7 8 10 | 10.7
Long Blades    | 4 5 6 7 8 10 | 10.8
Armour         | |  2.4
Dodging        | |  2.1

Action                   |  1- 3 |  4- 6 |  7- 9 || total
-------------------------+-------+-------+-------++-------
Melee: Falchion          |    62 |   196 |   253 ||   511
       Headbutt          |     8 |    42 |    77 ||   127
       Great sword       |       |       |    32 ||    32
Invok: Berserk           |       |       |     1 ||     1
 Stab: Sleeping          |     2 |       |       ||     2
  Eat: Chunk             |       |     7 |     8 ||    15
       Ration            |       |       |     3 ||     3
Armor: Animal skin       |     6 |       |       ||     6
       Scale mail        |     4 |       |       ||     4
       Chain mail        |       |   110 |   128 ||   238
Dodge: Dodged            |    44 |   106 |    80 ||   230
       Rpst.: Falchion   |    11 |    24 |    19 ||    54
       Great sword       |       |       |     6 ||     6
